 Dungeon Crawl Stone Soup version 0.25.0-11-g1f837a7 (webtiles) character file.

Game seed: 16502259248583008007

150 shmeve the Skirmisher (level 5, -2/49 HPs)
             Began as a Gargoyle Berserker on June 24, 2020.
             Was a Believer of Trog.
             Slain by an ogre
             ... wielding a +0 giant club
              (12 damage)
             ... on level 4 of the Dungeon.
             The game lasted 00:04:21 (3479 turns).

shmeve the Skirmisher (Gargoyle Berserker)          Turns: 3479, Time: 00:04:22

Health: -2/49      AC: 14    Str: 21    XL:     5   Next: 32%
Magic:  5/5        EV:  8    Int:  7    God:    Trog [**....]
Gold:   143        SH:  0    Dex: 10    Spells: 4/4 levels left

rFire    . . .     SeeInvis .   v - +0 hand axe (freeze)
rCold    . . .     Gourm    .   (no shield)
rNeg     + . .     Faith    .   x - +0 chain mail
rPois    ∞         Spirit   .   (no helmet)
rElec    +         Reflect  .   i - scarf {repulsion}
rCorr    .         Harm     .   (no gloves)
MR       .....                  s - +0 pair of boots
Stlth    ..........             (no amulet)
HPRegen  0.16/turn              (no ring)
MPRegen  0.09/turn              (no ring)

@: berserking, repel missiles, very quick
A: negative energy resistance 1, electricity resistance, unbreathing,
petrification resistance, rot immunity, AC +4
a: Berserk, Trog's Hand, Renounce Religion


You were on level 4 of the Dungeon.
You worshipped Trog.
Trog was pleased with you.
You were hungry.

You visited 1 branch of the dungeon, and saw 4 of its levels.

You collected 143 gold pieces.

Inventory:

Hand Weapons
 v - a +0 hand axe of freezing (weapon)
Missiles
 h - 11 poisoned darts (quivered)
 l - 8 boomerangs
Armour
 i - a scarf of repulsion (worn)
 s - a +0 pair of boots (worn)
 x - a +0 chain mail (worn)
Jewellery
 e - an uncursed amulet of regeneration {unknown}
 o - a +6 ring of dexterity
Wands
 a - a wand of acid (8)
 b - a wand of polymorph (10)
 w - a wand of enslavement (12)
Scrolls
 d - a scroll of fear {unknown}
 f - 6 scrolls of identify {unknown}
 j - 2 scrolls of enchant armour {unknown}
 m - a scroll of magic mapping {unknown}
 n - a scroll of teleportation {unknown}
 p - 2 scrolls of remove curse {unknown}
 q - 3 scrolls of enchant weapon {unknown}
 t - a scroll of immolation {unknown}
Potions
 g - 4 potions of curing {unknown}
 k - a potion of cancellation {unknown}
 r - 2 potions of mutation {unknown}
 u - a potion of lignification {unknown}
Comestibles
 c - 7 rations
 z - 2 chunks of flesh


   Skills:
 * Level 4.3 Fighting
 * Level 3.6 Axes
 * Level 2.1 Throwing
 + Level 3.0 Armour
 - Level 1.5 Dodging


You had 4 spell levels left.
You didn't know any spells.
Your spell library was empty.

Dungeon Overview and Level Annotations

Branches:
Dungeon (4/15)
 Temple: D:4-7

Altars:
Dithmenos
Gozag
Hepliaklqana
The Shining One


Innate Abilities, Weirdness & Mutations

You are resistant to torment.
Your stone body is resilient. (AC +4)
You are immune to poison.
You resist negative energy. (rN+)
You are resistant to electric shocks. (rElec)
You can survive without breathing.
You are immune to petrification.
You are immune to rotting.


Message History

Done exploring.
(D) Dungeon
Where to? (Enter - D:3 @ (x,y), ? - help)
What level of the Dungeon? (default 1, ? - help)
There is a stone staircase leading down here.
You climb downwards.
There is a stone staircase leading up here.
Some of the chunks of flesh in your inventory have rotted away.
An ogre comes into view. It is wielding a +0 giant club.
The ogre shouts!
The ogre hits you with a +0 giant club!
A red film seems to cover your vision as you go berserk!
You feel yourself moving faster!
You feel mighty!
You are feeling hungry.
You barely miss the ogre. The ogre hits you with a +0 giant club!
* * * LOW HITPOINT WARNING * * *
You hit the ogre. You freeze the ogre.
The ogre is moderately wounded.
The ogre hits you with a +0 giant club!
You die...

###.#...####
........<..+
##.#...####
#.#.....#
#.#.###.#
... #.#
###.###.#
#.....#
##.@###
.......O#
#######.#
#.# #.# #..
###


You could see an ogre.

Vanquished Creatures
  An orc wizard (D:3)
  An adder (D:2)
  4 gnolls (D:3)
  An ooze (D:3)
  2 worms
  2 dart slugs
  2 leopard geckos (D:3)
  6 orcs (D:3)
  3 ball pythons
  6 giant cockroaches
  6 hobgoblins
  4 jackals
  4 kobolds
  A quokka (D:2)
  6 bats
  4 goblins
  A rat (D:3)
54 creatures vanquished.

Notes
Turn   | Place    | Note
-------+----------+-------------------------------------------
     0 | D:1      | shmeve the Gargoyle Berserker began the quest for the Orb.
     0 | D:1      | Reached XP level 1. HP: 14/14 MP: 1/1
   313 | D:1      | Reached XP level 2. HP: 11/19 MP: 2/2
  1189 | D:2      | Reached skill level 1 in Throwing
  1396 | D:2      | Reached XP level 3. HP: 10/23 MP: 3/3
  1692 | D:2      | Reached ** piety under Trog
  2316 | D:3      | Reached XP level 4. HP: 29/29 MP: 4/4
  2317 | D:3      | Reached skill level 4 in Fighting
  2543 | D:3      | Found an opulent altar of Gozag.
  3160 | D:3      | Found a shadowy altar of Dithmenos.
  3166 | D:3      | Found a glowing golden altar of the Shining One.
  3181 | D:3      | Found a hazy altar of Hepliaklqana.
  3237 | D:3      | Reached XP level 5. HP: 33/33 MP: 5/5
  3475 | D:4      | Noticed an ogre
  3479 | D:4      | Slain by an ogre

Illustrated notes

Levels and vault maps discovered:
D:1:      psy_arrival_radial01, layout_basic
D:2:      layout_basic
D:3:      layout_basic, minmay_overflow_temple_star_quad,
          nicolae_overflow_hidden_temple
D:4:      layout_loops_corners, first_ration

Skill      XL: |  1  2  3  4  5 |
---------------+----------------+-----
Axes           | 3 |  3.6
Throwing       | 1 2 |  2.1
Fighting       | 4 |  4.3
Armour         | 3 |  3.0
Dodging        | |  1.5

Action                   |  1- 3 |  4- 6 || total
-------------------------+-------+-------++-------
Melee: Hand axe          |    97 |    54 ||   151
Throw: Dart              |    16 |     3 ||    19
Invok: Berserk           |     2 |     2 ||     4
  Eat: Chunk             |     5 |     6 ||    11
Armor: Animal skin       |    44 |     9 ||    53
       Chain mail        |       |    13 ||    13
Dodge: Dodged            |    75 |    18 ||    93
       Repelled          |     1 |       ||     1
